 Dungeon Crawl Stone Soup version 0.23.0 (webtiles) character file.

Game seed: 18329833806887960927

763 Borgoz the Covered (level 7, 0/41 HPs)
             Began as a Gargoyle Fighter on Feb 9, 2019.
             Slain by an orc wizard
             ... wielding a +0 dagger of venom
              (1 damage)
             ... on level 4 of the Dungeon.
             The game lasted 00:05:35 (3565 turns).

Borgoz the Covered (Gargoyle Fighter)               Turns: 3565, Time: 00:05:36

Health: 0/41       AC: 13    Str: 25    XL:     7   Next: 81%
Magic:  7/7        EV:  9    Int:  8    God:
Gold:   118        SH: 10    Dex: 11    Spells: 6/6 levels left

rFire    . . .     SeeInvis .   a - +0 war axe
rCold    . . .     Gourm    .   c - +0 shield
rNeg     + . .     Faith    .   b - +0 scale mail
rPois    ∞         Spirit   .   (no helmet)
rElec    +         Reflect  .   o - +0 cloak
rCorr    .         Harm     .   (no gloves)
MR       .....                  (no boots)
Stlth    ..........             (no amulet)
HPRegen  0.13/turn              (no ring)
MPRegen  0.10/turn              (no ring)

@: mighty
A: negative energy resistance 1, electricity resistance, unbreathing,
petrification resistance, rot immunity, AC +4
a: no special abilities


You were on level 4 of the Dungeon.
You were hungry.

You visited 1 branch of the dungeon, and saw 4 of its levels.

You collected 118 gold pieces.

Inventory:

Hand Weapons
 a - a +0 war axe (weapon)
Armour
 b - a +0 scale mail (worn)
 c - a +0 shield (worn)
 o - a +0 cloak (worn)
Scrolls
 g - a scroll of random uselessness {unknown}
 h - 4 scrolls of remove curse {unknown}
 i - 2 scrolls of fear {unknown}
 j - a scroll of enchant weapon {unknown}
 k - 2 scrolls of immolation {unknown}
 s - a scroll of identify {unknown}
 u - a scroll of enchant armour {unknown}
Potions
 e - a potion of experience {unknown}
 l - a potion of degeneration {unknown}
 m - 2 potions of heal wounds {unknown}
 n - 2 potions of lignification {unknown}
 p - a potion of curing {unknown}
 q - a potion of brilliance {unknown}
 r - 2 potions of ambrosia {unknown}
Comestibles
 f - 3 rations


   Skills:
 - Level 3.3 Fighting
 + Level 4.1 Axes
 + Level 5.6 Armour
 + Level 3.2 Dodging
 + Level 5.6 Shields


You had 6 spell levels left.
You didn't know any spells.
Your spell library was empty.

Dungeon Overview and Level Annotations

Branches:
Dungeon (4/15)
 Temple: D:4-7

Altars:
Hepliaklqana
Nemelex Xobeh
Qazlal

Annotations:
D:4 1 runed translucent door, kalagan's ghost, amateur DEEE


Innate Abilities, Weirdness & Mutations

You are resistant to torment.
Your stone body is resilient. (AC +4)
You are immune to poison.
You resist negative energy. (rN+)
You are resistant to electric shocks. (rElec)
You can survive without breathing.
You are immune to petrification.
You are immune to rotting.


Message History

The orc warrior hits you but does no damage.
You hit the orc warrior.
The orc warrior is heavily wounded.
You closely miss something. Something hits you but does no damage.
The orc warrior barely misses you.
You hear some strange, mumbled words.
A puff of frost appears from out of thin air!
The puff of frost misses you.
You slash something! You closely miss the orc warrior.
The orc warrior hits you with a +0 long sword!
Something hits you but does no damage.
You closely miss something. You slash the orc warrior!
Something hits you but does no damage.
The orc warrior hits you with a +0 long sword!
* * * LOW HITPOINT WARNING * * *
Unknown command.
You feel very mighty all of a sudden. You block something's attack.
You block the orc warrior's attack.
You closely miss something. You slash the orc warrior! Something hits you.
You die...

#.##.##....##.##.####...#.#......
#..#..#..⌠..#..#..#...###.#......
#####.## ...##.##...###...##)....
#..# #.#...#.###...#..#...##
##.####...#####.(.####.##...#
#..#...###.#...#.# ..#...)
##...###...##.##... #.##..÷
#.###...#..#..#..⌠..#..#..†
#.#...####@##.##....##.##..
#...###...o{#..#..###......
##.##....##o##.####...###..
#..#..⌠. ..#..#...### ##. ##.##..
##.##...### .. ..#.. #.....### ..
#.## #...##### . .. .. # #..


You could see an orc warrior and an orc.

Vanquished Creatures
  An ice beast (D:4)
  A phantom (D:4)
  2 ogres (D:4)
  A howler monkey (D:4)
  A crimson imp (D:3)
  Crazy Yiuf (D:2)
  3 orc wizards (D:3)
  Natasha (D:2)
  4 gnolls (D:4)
  6 adders
  An ooze (D:1)
  A worm (D:2)
  2 dart slugs (D:1)
  4 leopard geckos
  9 orcs (D:3)
  2 ball pythons (D:2)
  7 bats
  6 giant cockroaches
  11 hobgoblins
  4 jackals (D:1)
  5 kobolds
  A quokka (D:3)
  A ball python skeleton (D:4)
  8 frilled lizards
  17 goblins
  A quokka skeleton (D:4)
  5 rats
106 creatures vanquished.

Notes
Turn   | Place    | Note
-------+----------+-------------------------------------------
     0 | D:1      | Borgoz the Gargoyle Fighter began the quest for the Orb.
     0 | D:1      | Reached XP level 1. HP: 14/14 MP: 1/1
   259 | D:1      | Reached XP level 2. HP: 19/19 MP: 2/2
   546 | D:1      | Reached XP level 3. HP: 23/23 MP: 3/3
   602 | D:1      | Reached skill level 1 in Dodging
  1044 | D:2      | Reached XP level 4. HP: 28/28 MP: 4/4
  1331 | D:2      | Found a sparkling altar of Nemelex Xobeh.
  1429 | D:2      | Found a hazy altar of Hepliaklqana.
  1430 | D:2      | Found a stormy altar of Qazlal.
  1627 | D:2      | Noticed Natasha
  1636 | D:2      | Killed Natasha
  1636 | D:2      | Reached XP level 5. HP: 32/32 MP: 5/5
  1641 | D:2      | Found a runed translucent door.
  1642 | D:2      | Noticed Crazy Yiuf
  1852 | D:2      | Killed Crazy Yiuf
  2008 | D:3      | Reached XP level 6. HP: 6/37 MP: 6/6
  2976 | D:4      | Noticed a phantom
  3013 | D:4      | Killed a phantom
  3013 | D:4      | Reached skill level 5 in Armour
  3013 | D:4      | Reached skill level 5 in Shields
  3070 | D:4      | Reached XP level 7. HP: 36/41 MP: 7/7
  3409 | D:4      | Noticed kalagan's ghost (amateur DEEE)
  3411 | D:4      | Found a runed translucent door.
  3563 | D:4      | HP: 1/41 [orc warrior/+0 long sword (13)]
  3565 | D:4      | Slain by an orc wizard

Skill      XL: |  1  2  3  4  5  6  7 |
---------------+----------------------+-----
Axes           | 2 3 4 |  4.1
Dodging        | 1 2 3 |  3.2
Shields        | 4 5 |  5.6
Armour         | 4 5 |  5.6
Fighting       | |  3.3

Action                   |  1- 3 |  4- 6 |  7- 9 || total
-------------------------+-------+-------+-------++-------
Melee: War axe           |   134 |   272 |    65 ||   471
  Use: Potion            |       |     2 |     1 ||     3
 Stab: Invisible         |       |     3 |       ||     3
  Eat: Chunk             |     1 |     6 |     2 ||     9
Armor: Scale mail        |    74 |   177 |    39 ||   290
Dodge: Dodged            |    47 |   107 |    24 ||   178
Block: Shield            |    68 |   184 |    27 ||   279
